BSA
ST CHARLES SHEENS @ ST. LOUIS BROWNS
06/11/2030
 
TOP OF THE 1ST
St Charles Sheens batting - Pitching for St. Louis Browns : LHP Bernardo Miranda
Pitching: LHP Bernardo Miranda
Batting: RHB Miguel Palácios 0-0: Fly out, F7 (Flyball, 78M)
Batting: LHB Larry Howard 0-0: Swinging Strike
0-1: Foul Ball, location: 2F
0-2: Ball
1-2: Foul Ball, location: 2F
1-2: Strikes out swinging
Batting: RHB Ramón Molina 0-0: Ball
1-0: Called Strike
1-1: SINGLE (Line Drive, 56D)
Batting: RHB Víctor Arredondo 0-0: Ball
1-0: Called Strike
1-1: Fly out, F9 (Flyball, 89M)
Top of the 1st over - 0 runs, 1 hit, 0 errors, 1 left on base; St Charles 0 - St. Louis 0
BOTTOM OF THE 1ST
St. Louis Browns batting - Pitching for St Charles Sheens : RHP Jesús Andrade
Pitching: RHP Jesús Andrade
Batting: RHB Javier Martínez 0-0: Swinging Strike
0-1: Ball
1-1: Ball
2-1: Fly out, F4 (Popup, 13)
Batting: LHB Robin Hill 0-0: Fly out, F8 (Flyball, 8LS)
Batting: LHB Mike Hill 0-0: Ball
1-0: Fly out, F1 (Line Drive, 13S)
Bottom of the 1st over - 0 runs, 0 hits, 0 errors, 0 left on base; St Charles 0 - St. Louis 0
TOP OF THE 2ND
St Charles Sheens batting - Pitching for St. Louis Browns : LHP Bernardo Miranda
Batting: LHB Randy Wiggins 0-0: Swinging Strike
0-1: Swinging Strike
0-2: Ball
1-2: Ball
2-2: Ball
3-2: Strikes out swinging
Batting: RHB Glen MacDonald 0-0: Called Strike
0-1: Ball
1-1: Ground out 5-3 (Groundball, 5)
Batting: RHB Sergio Pujols 0-0: Swinging Strike
0-1: SINGLE (Groundball, 5S) (infield hit)
Batting: LHB Juan Jose Rojas 0-0: Fly out, F8 (Flyball, 8LS)
Top of the 2nd over - 0 runs, 1 hit, 0 errors, 1 left on base; St Charles 0 - St. Louis 0
BOTTOM OF THE 2ND
St. Louis Browns batting - Pitching for St Charles Sheens : RHP Jesús Andrade
Batting: SHB Víctor Serrano 0-0: Swinging Strike
0-1: Foul Ball, location: 2F
0-2: Ball
1-2: SINGLE (Groundball, 56D)
Batting: LHB Norberto Muñóz 0-0: Ball
1-0: Foul Ball, location: 2F
1-1: Ball
2-1: SINGLE (Line Drive, 7S)
Víctor Serrano to second
Batting: LHB Junior Coates 0-0: Called Strike
0-1: Swinging Strike
0-2: Ball
1-2: Ball
2-2: Foul Ball, location: 2F
2-2: Strikes out swinging
Batting: RHB Anthony Rucker 0-0: Ball
1-0: Called Strike
1-1: SINGLE (Line Drive, 7LS)
Víctor Serrano to third
Norberto Muñóz to second
Batting: RHB José Flores 0-0: SINGLE (Line Drive, 6M)
Víctor Serrano scores
Norberto Muñóz to third
Anthony Rucker to second
Batting: RHB Domingo Romero 0-0: Ball
1-0: Fly out, F8 (Flyball, 78D)
Runner from 3rd tags up, OUT at HOME
Bottom of the 2nd over - 1 run, 4 hits, 0 errors, 2 left on base; St Charles 0 - St. Louis 1
TOP OF THE 3RD
St Charles Sheens batting - Pitching for St. Louis Browns : LHP Bernardo Miranda
Batting: RHB Salvador Rodríguez 0-0: Fly out, F7 (Flyball, 7)
Batting: RHB Miguel Palácios 0-0: Ball
1-0: Fly out, F8 (Line Drive, 89XD)
Batting: LHB Larry Howard 0-0: Ground out 4-3 (Groundball, 4D)
Top of the 3rd over - 0 runs, 0 hits, 0 errors, 0 left on base; St Charles 0 - St. Louis 1
BOTTOM OF THE 3RD
St. Louis Browns batting - Pitching for St Charles Sheens : RHP Jesús Andrade
Batting: RHB Javier Martínez 0-0: Ball
1-0: Called Strike
1-1: Ball
2-1: Foul Ball, location: 2F
2-2: Ball
3-2: Foul Ball, location: 2F
3-2: Foul Ball, location: 2F
3-2: Base on Balls
Batting: LHB Robin Hill 0-0: Ball
Javier Martínez steals 2nd base
1-0: Ball
2-0: Reached on error, E4 (Groundball, 4)
Javier Martínez to third
Batting: LHB Mike Hill 0-0: DOUBLE (Groundball, 5D)
Javier Martínez scores
Robin Hill to third
Runner from 3rd tries for Home, SAFE, no throw
Batting: SHB Víctor Serrano 0-0: Called Strike
0-1: Ball
1-1: Swinging Strike
1-2: Strikes out swinging
Batting: LHB Norberto Muñóz 0-0: Ball
1-0: Ball
2-0: TRIPLE (Flyball, 89XD)
Mike Hill scores
Batting: LHB Junior Coates 0-0: Called Strike
0-1: Ball
1-1: Called Strike
1-2: Ball
2-2: Ball
3-2: DOUBLE (Flyball, 8RXD)
Norberto Muñóz scores
Pitching: RHP Ricardo Montero
Batting: RHB Anthony Rucker 0-0: Ball
1-0: Ball
2-0: Foul Ball, location: 2F
2-1: Ground out 3-1 (Groundball, 34)
Junior Coates to third
Batting: RHB José Flores 0-0: Ground out 3-1 (Groundball, 34)
Bottom of the 3rd over - 4 runs, 3 hits, 1 error, 1 left on base; St Charles 0 - St. Louis 5
TOP OF THE 4TH
St Charles Sheens batting - Pitching for St. Louis Browns : LHP Bernardo Miranda
Batting: RHB Ramón Molina 0-0: Ball
1-0: Foul Ball, location: 2F
1-1: Foul Ball, location: 2F
1-2: Ground out 6-3 (Groundball, 6)
Batting: RHB Víctor Arredondo 0-0: Ball
1-0: Called Strike
1-1: Ground out 6-3 (Groundball, 6)
Batting: LHB Randy Wiggins 0-0: Ball
1-0: SINGLE (Line Drive, 9LS)
Batting: RHB Glen MacDonald 0-0: Called Strike
0-1: 2-RUN HOME RUN (Flyball, 9D), Distance : 379 ft
Batting: RHB Sergio Pujols 0-0: Ball
1-0: Ball
2-0: Called Strike
2-1: Swinging Strike
2-2: Ball
3-2: Ground out 5-3 (Groundball, 56S)
Top of the 4th over - 2 runs, 2 hits, 0 errors, 0 left on base; St Charles 2 - St. Louis 5
BOTTOM OF THE 4TH
St. Louis Browns batting - Pitching for St Charles Sheens : RHP Ricardo Montero
Batting: RHB Domingo Romero 0-0: Ball
1-0: Ball
2-0: Swinging Strike
2-1: Foul Ball, location: 2F
2-2: Foul Ball, location: 2F
2-2: Strikes out swinging
Batting: RHB Javier Martínez 0-0: Called Strike
0-1: TRIPLE (Flyball, 8LXD)
Batting: LHB Robin Hill 0-0: Ball
1-0: Foul Ball, location: 2F
1-1: Foul Ball, location: 2F
1-2: Foul Ball, location: 2F
1-2: SINGLE (Line Drive, 6MD)
Javier Martínez scores
Batting: LHB Mike Hill 0-0: Ball
1-0: SINGLE (Groundball, 34D)
Robin Hill to second
Runner from 2nd tries for 3rd, SAFE, no throw
Batting: SHB Víctor Serrano 0-0: Ball
1-0: Swinging Strike
1-1: Fly out, F6 (Popup, 6MD)
Batting: LHB Norberto Muñóz 0-0: Ball
1-0: Ball
2-0: Ball
3-0: Called Strike
3-1: Fly out, F8 (Flyball, 8LD)
Bottom of the 4th over - 1 run, 3 hits, 0 errors, 2 left on base; St Charles 2 - St. Louis 6
TOP OF THE 5TH
St Charles Sheens batting - Pitching for St. Louis Browns : LHP Bernardo Miranda
Batting: LHB Juan Jose Rojas 0-0: Called Strike
0-1: Swinging Strike
0-2: Ball
1-2: Ball
2-2: SOLO HOME RUN (Flyball, 78XD), Distance : 393 ft
Batting: RHB Salvador Rodríguez 0-0: Called Strike
0-1: Foul Ball, location: 2F
0-2: Foul Ball, location: 2F
0-2: Strikes out looking
Batting: RHB Miguel Palácios 0-0: Swinging Strike
0-1: Ball
1-1: Foul Ball, location: 2F
1-2: Ball
2-2: Strikes out swinging
Batting: LHB Larry Howard 0-0: Ball
1-0: Called Strike
1-1: Called Strike
1-2: Strikes out swinging
Top of the 5th over - 1 run, 1 hit, 0 errors, 0 left on base; St Charles 3 - St. Louis 6
BOTTOM OF THE 5TH
St. Louis Browns batting - Pitching for St Charles Sheens : RHP Ricardo Montero
Batting: LHB Junior Coates 0-0: Called Strike
0-1: Foul Ball, location: 2F
0-2: SOLO HOME RUN (Flyball, 9LD), Distance : 330 ft
Batting: RHB Anthony Rucker 0-0: Ball
1-0: Swinging Strike
1-1: Foul Ball, location: 2F
1-2: Ball
2-2: Ball
3-2: Strikes out swinging
Batting: RHB José Flores 0-0: Called Strike
0-1: Ground out 6-3 (Groundball, 6)
Batting: RHB Domingo Romero 0-0: SOLO HOME RUN (Flyball, 7D), Distance : 378 ft
Batting: RHB Javier Martínez 0-0: Called Strike
0-1: Called Strike
0-2: Ball
1-2: Fly out, F6 (Line Drive, 6)
Bottom of the 5th over - 2 runs, 2 hits, 0 errors, 0 left on base; St Charles 3 - St. Louis 8
TOP OF THE 6TH
St Charles Sheens batting - Pitching for St. Louis Browns : LHP Bernardo Miranda
Batting: RHB Ramón Molina 0-0: Foul Ball, location: 2F
0-1: Ball
1-1: Ball
2-1: Ball
3-1: Base on Balls
Batting: RHB Víctor Arredondo 0-0: Fly out, F8 (Flyball, 8LM)
Batting: LHB Randy Wiggins 0-0: Ball
1-0: Ground out U3 (Groundball, 3S)
Ramón Molina to second
Batting: RHB Glen MacDonald 0-0: Called Strike
0-1: Ball
1-1: SINGLE (Line Drive, 89M)
Ramón Molina to third
Batting: RHB Sergio Pujols 0-0: Called Strike
0-1: Swinging Strike
0-2: Strikes out looking
Top of the 6th over - 0 runs, 1 hit, 0 errors, 2 left on base; St Charles 3 - St. Louis 8
BOTTOM OF THE 6TH
St. Louis Browns batting - Pitching for St Charles Sheens : RHP Ricardo Montero
Batting: LHB Robin Hill 0-0: Ball
1-0: Swinging Strike
1-1: Ball
2-1: Reached on error, E5 (Groundball, 56)
Batting: LHB Mike Hill 0-0: Ball
1-0: Ball
2-0: Ball
3-0: Called Strike
3-1: Base on Balls
Batting: SHB Víctor Serrano 0-0: Ball
1-0: Ball
2-0: Called Strike
2-1: Grounds out, U3 (Groundball, 3L)
Robin Hill to third
Pitching: RHP Bill Chase
Batting: LHB Norberto Muñóz 0-0: Ball
1-0: Ball
2-0: Called Strike
2-1: Reached on error, E4 (Groundball, 34)
Robin Hill scores
Mike Hill to third
Batting: LHB Junior Coates 0-0: Called Strike
0-1: Foul Ball, location: 2F
0-2: Ball
1-2: Fly out, F8 (Flyball, 8LM)
Runner from 3rd tags up, SCORES, no throw
Batting: RHB Anthony Rucker 0-0: Ball
1-0: Ball
2-0: Called Strike
2-1: Ball
3-1: Called Strike
3-2: Strikes out swinging
Bottom of the 6th over - 2 runs, 0 hits, 2 errors, 1 left on base; St Charles 3 - St. Louis 10
TOP OF THE 7TH
St Charles Sheens batting - Pitching for St. Louis Browns : LHP Bernardo Miranda
Batting: LHB Juan Jose Rojas 0-0: Ball
1-0: Foul Ball, location: 2F
1-1: Ground out 4-3 (Groundball, 34D)
Batting: RHB Salvador Rodríguez 0-0: Ball
1-0: Ball
2-0: Foul Ball, location: 2F
2-1: Ground out 6-3 (Groundball, 6S)
Batting: RHB Miguel Palácios 0-0: Ball
1-0: SINGLE (Line Drive, 4MD)
Batting: LHB Larry Howard 0-0: Called Strike
0-1: Called Strike
0-2: Ball
1-2: Ball
2-2: SINGLE (Groundball, 6D)
Miguel Palácios to second
Batting: RHB Ramón Molina 0-0: Foul Ball, location: 2F
0-1: Called Strike
0-2: Ball
1-2: Ball
2-2: Ball
3-2: Foul Ball, location: 2F
3-2: SINGLE (Groundball, 6MD)
Miguel Palácios to third
Larry Howard to second
Miguel Palácios scores
Larry Howard to third
Pitching: LHP Terry Klassen
Batting: RHB Víctor Arredondo 0-0: Ball
1-0: Swinging Strike
1-1: Ball
2-1: Foul Ball, location: 2F
2-2: Foul Ball, location: 2F
2-2: Fly out, F7 (Line Drive, 7)
Top of the 7th over - 1 run, 3 hits, 0 errors, 2 left on base; St Charles 4 - St. Louis 10
BOTTOM OF THE 7TH
St. Louis Browns batting - Pitching for St Charles Sheens : RHP Bill Chase
Batting: RHB José Flores 0-0: Foul Ball, location: 2F
0-1: Foul Ball, location: 2F
0-2: Fly out, F4 (Line Drive, 4)
Batting: RHB Domingo Romero 0-0: Called Strike
0-1: Ball
1-1: Ball
2-1: Ball
3-1: Base on Balls
Batting: RHB Javier Martínez 0-0: Called Strike
0-1: Ball
1-1: Ball
2-1: Foul Ball, location: 2F
2-2: Foul Ball, location: 2F
2-2: Strikes out swinging
Batting: LHB Robin Hill 0-0: Ball
Pickoff Throw to First - Out!
Bottom of the 7th over - 0 runs, 0 hits, 0 errors, 0 left on base; St Charles 4 - St. Louis 10
TOP OF THE 8TH
St Charles Sheens batting - Pitching for St. Louis Browns : LHP Terry Klassen
Batting: LHB Randy Wiggins 0-0: Ball
1-0: Fly out, F7 (Flyball, 78D)
Batting: RHB Glen MacDonald 0-0: Ball
1-0: Ball
2-0: Ball
3-0: Base on Balls
Batting: RHB Sergio Pujols 0-0: Ball
1-0: Ball
2-0: Grounds into double play, 1-4-3 (Groundball, 15S)
Top of the 8th over - 0 runs, 0 hits, 0 errors, 0 left on base; St Charles 4 - St. Louis 10
BOTTOM OF THE 8TH
St. Louis Browns batting - Pitching for St Charles Sheens : RHP Bill Chase
Batting: LHB Robin Hill 0-0: Called Strike
0-1: Ball
1-1: Ground out 3-1 (Groundball, 34)
Batting: LHB Mike Hill 0-0: Ball
1-0: Called Strike
1-1: Swinging Strike
1-2: Ground out 5-3 (Groundball, 5)
Batting: SHB Víctor Serrano 0-0: Swinging Strike
0-1: Foul Ball, location: 2F
0-2: Ground out 1-3 (Groundball, 13S)
Bottom of the 8th over - 0 runs, 0 hits, 0 errors, 0 left on base; St Charles 4 - St. Louis 10
TOP OF THE 9TH
St Charles Sheens batting - Pitching for St. Louis Browns : LHP Terry Klassen
Batting: LHB Juan Jose Rojas 0-0: Swinging Strike
0-1: Swinging Strike
0-2: Ball
1-2: Strikes out swinging
Batting: RHB Salvador Rodríguez 0-0: Called Strike
0-1: Ball
1-1: Swinging Strike
1-2: Ball
2-2: Ball
3-2: Strikes out swinging
Batting: RHB Miguel Palácios 0-0: Ball
1-0: Called Strike
1-1: Fly out, F8 (Flyball, 8LS)
Top of the 9th over - 0 runs, 0 hits, 0 errors, 0 left on base; St Charles 4 - St. Louis 10
Saturday, April 7th, 2018 - OOTP Baseball 18.8 Build 76